Cogmind - Beta 11.1 @@@ ROGUE MODE // 2022.08.29 @ 17:46:31 Player: eldritch Result: Self-destructed Performance ------------- Evolutions (2) 1000 Regions Visited (3) 600 Robots Destroyed (50) 250 Value Destroyed (834) 834 Prototype IDs (5) 100 Alien Tech Used (0) 0 Bonus (23) 23 TOTAL SCORE: 2807 Bonus ------- High Alert Combat Kills 23 Cogmind --------- Core Integrity 504/550 Matter 183/300 Energy 250/250 System Corruption 0% Temperature Cool (6) Movement Treading (250) Ox1 Location -8/Materials Parts ------- > --- POWER (1) -------- Ion Engine > --- PROPULSION (3) --- Armored Treads Compact Wheel Compact Wheel > --- UTILITY (5) ------ Medium Storage Unit Hardened Medium Armor Plating Hacking Suite Hacking Suite > --- WEAPON (2) ------- Katana Katana > --- INVENTORY (10) --- Light Ion Engine Hacking Suite Hacking Suite Improved EM Shotgun Assault Rifle Improved Assault Rifle Rocket Launcher Datajack Peak State ------------ > --- POWER ------------ Ion Engine > --- PROPULSION ------- Armored Treads Compact Wheel Compact Wheel > --- UTILITY ---------- Medium Storage Unit Hardened Medium Armor Plating Hardened Medium Armor Plating Hacking Suite Hacking Suite > --- WEAPON ----------- Katana Katana > --- INVENTORY -------- Light Ion Engine Hacking Suite Hacking Suite Improved EM Shotgun Assault Rifle Improved Assault Rifle Rocket Launcher Datajack [Rating: 26] Favorites ----------- Power Ion Engine Engine Ion Engine Propulsion Wheel Treads Light Treads Leg Aluminum Leg Wheel Wheel Utility Medium Storage Unit Storage Medium Storage Unit Hackware Hacking Suite Protection Hardened Medium Armor Plating Weapon Katana Energy Gun Medium Laser Ballistic Gun Assault Rifle Launcher Rocket Launcher Slashing Weapon Katana Build | -11 -10 -9 -8 ------- Run | Scr Mat Mat Mat Slots Evolved 4 | . . 2 2 Power . | . . . . Propulsion 1 | . . 1 . Utility 3 | . . 1 2 Weapon . | . . . . Parts Attached 44 | 5 8 23 8 Power 2 | . 1 1 . Engine 2 | . 1 1 . Core . | . . . . Reactor . | . . . . Propulsion 13 | 2 1 8 2 Treads 3 | . . 2 1 Leg 1 | . . 1 . Wheel 9 | 2 1 5 1 Hover . | . . . . Flight . | . . . . Utility 9 | 1 2 3 3 Device . | . . . . Storage 3 | 1 2 . . Processor . | . . . . Hackware 3 | . . 1 2 Protection 3 | . . 2 1 Artifact . | . . . . Weapon 20 | 2 4 11 3 Energy Gun 6 | 1 2 3 . Energy Cannon . | . . . . Ballistic Gun 4 | 1 . 2 1 Ballistic Cannon . | . . . . Launcher 5 | . 2 2 1 Special Weapon . | . . . . Impact Weapon . | . . . . Slashing Weapon 5 | . . 4 1 Piercing Weapon . | . . . . Special Melee Weapon . | . . . . Unidentified Prototypes 2 | . . 2 . Parts Lost 8 | . 1 3 4 Power . | . . . . Propulsion 4 | . 1 1 2 Utility 3 | . . 1 2 Weapon 1 | . . 1 . Highest Loss Streak 4 | . 1 2 4 To Critical Strikes . | . . . . Average Slot Usage (%) 98 | . 96 98 97 Engine 11 | . 11 11 9 Treads 4 | . . 6 . Wheel 25 | . 28 24 25 Storage 18 | . 27 15 9 Hackware 5 | . . 6 18 Protection 8 | . . 11 16 Energy Gun 6 | . 13 4 . Ballistic Gun 6 | . 14 3 1 Slashing Weapon 9 | . . 13 10 Naked Turns . | . . . . Heaviest Build 37 | 8 24 31 37 Greatest Support 48 | 32 32 42 48 Greatest Overweight (x) 1 | . . 1 1 Average Overweight (x) . | . . . . Largest Inventory Capacity 10 | 8 10 10 10 Average Capacity 9 | 7 9 10 10 Most Carried 10 | 3 10 10 10 Average Carried 8 | 1 7 9 8 Final Capacity 10 | 8 10 10 10 Final Carried 10 | 3 10 10 8 Class Distribution -------------------- 76% | Mutant 17% | Scavenger-Mutant 6% | Hacker-Mutant Dominant Class ---------------- Mutant | -10/Materials Mutant | -9/Materials Hacker-Mutant | -8/Materials Resources | -11 -10 -9 -8 ----------- Run | Scr Mat Mat Mat Matter Collected 867 | 52 255 540 20 Remotely . | . . . . Salvage Created 1322 | . 253 922 147 Parts 84 | . 14 54 16 Haulers Intercepted 3 | . 1 2 . Recyclers Shooed 1 | . . 1 . Parts Field Recycled . | . . . . Retrieved Matter . | . . . . Parts Self-Destructed . | . . . . Prevented . | . . . . Kills | -11 -10 -9 -8 ------- Run | Scr Mat Mat Mat Combat Hostiles Destroyed 35 | . 7 21 7 Melee 9 | . . 7 2 Guns 10 | . 2 8 . AOE 16 | . 5 6 5 Classes Destroyed 9 | . 5 4 . Worker 2 | . 1 1 . Builder 1 | . . 1 . Hauler 3 | . 1 2 . Recycler 5 | . 1 3 1 Operator 2 | . . 1 1 Watcher 2 | . . 2 . Swarmer 23 | . 5 12 6 Grunt 9 | . 2 6 1 Sentry 3 | . . 3 . Best Kill Streak 5 | . 3 5 4 Combat Bots Only 5 | . 3 5 3 Max Kills in Single Turn 4 | . 2 4 3 Gunslinging . | . . . . Exploded 4 | . 2 4 2 Melee 1 | . . 1 1 Uniques/NPCs Destroyed . | . . . . Combat | -11 -10 -9 -8 -------- Run | Scr Mat Mat Mat Damage Taken 1543 | . 153 958 432 Core 241 | . 18 177 46 Absorbed by Shields . | . . . . Core Remaining (%) 82 | 100 92 55 . Volleys Fired 45 | . 15 24 6 Largest 2 | . 2 2 1 Hottest 89 | . 70 89 33 Shots Fired 73 | . 26 41 6 Gun 59 | . 21 38 . Cannon . | . . . . Launcher 14 | . 5 3 6 Special . | . . . . Kinetic 32 | . 11 21 . Thermal 27 | . 10 17 . Explosive 14 | . 5 3 6 Electromagnetic . | . . . . Robot Hit Streak 13 | . 13 7 3 Robot Miss Streak 4 | . 2 2 4 Penetration Max . | . . . . Secondary Targets . | . . . . Shots Hit Robots 97 | . 17 71 9 Core Hits 59 | . 15 32 12 Critical Kills 1 | . . 1 . Critical Parts Destroyed . | . . . . Critical Strikes 9 | . 1 8 . Burn 5 | . 1 4 . Destroy 1 | . . 1 . Sever 3 | . . 3 . Melee Attacks 76 | . . 67 9 Impact . | . . . . Slashing 76 | . . 67 9 Piercing . | . . . . Sneak Attacks 10 | . . 9 1 Combat Hostiles . | . . . . Follow-up Attacks 5 | . . 5 . Damage Inflicted 3695 | . 540 2459 696 Guns 597 | . 205 392 . Cannons . | . . . . Explosions 1131 | . 335 340 456 Melee 1967 | . . 1727 240 Ramming . | . . . . Kinetic 317 | . 93 224 . Thermal 280 | . 112 168 . Explosive 1131 | . 335 340 456 Electromagnetic . | . . . . Impact . | . . . . Slashing 1967 | . . 1727 240 Piercing . | . . . . Highest Corruption 7 | . 2 7 . Average Corruption 4 | . 2 6 . Corruption Purged . | . . . . Corruption Blocked . | . . . . Effects 19 | . 3 16 . Message Errors 11 | . 2 9 . Matter Fused 4 | . . 4 . Energy Discharges 2 | . . 2 . Data Loss (minor) 1 | . . 1 . Misfires 1 | . 1 . . Overload Shots . | . . . . Overflow Damage 196 | . 12 102 82 Projectiles . | . . . . Explosions 44 | . 12 6 26 Melee 152 | . . 96 56 Knockbacks . | . . . . Impact . | . . . . Kinetic . | . . . . Secondary . | . . . . Self-Inflicted Damage . | . . . . Shots . | . . . . Rammed . | . . . . Targets Rammed . | . . . . Kicked . | . . . . Crushed . | . . . . Highest Temperature 240 | . 36 240 11 Average Temperature 61 | . 12 82 8 Received Heat Transfer 498 | . 24 303 171 Siege Activations . | . . . . Robots Corrupted . | . . . . Combat Hostiles . | . . . . Parts Fried . | . . . . Impact Corruptions . | . . . . Robots Melted . | . . . . Combat Hostiles . | . . . . Parts Melted 6 | . 2 4 . Heat Transferred 1147 | . 407 740 . Parts Sabotaged . | . . . . Parts Stolen . | . . . . Parts Stripped . | . . . . Power Chain Reactions . | . . . . Missiles Intercepted . | . . . . Alert | -11 -10 -9 -8 ------- Run | Scr Mat Mat Mat Peak Influence 516 | . 288 516 485 Initial 217 | . . 37 217 Average 228 | . 93 281 391 Maximum Alert Level 2 | . 1 2 2 Low Security (%) 48 | 100 97 29 . Level 1 36 | . 2 54 35 Level 2 14 | . . 16 64 Level 3 . | . . . . Level 4 . | . . . . Level 5 . | . . . . High Security . | . . . . Max Security . | . . . . Squads Dispatched 3 | . . 2 1 Investigation . | . . . . Extermination . | . . . . Reinforcement 3 | . . 2 1 Assault . | . . . . Garrison . | . . . . Intercept . | . . . . Searches Triggered . | . . . . Construction Impeded . | . . . . Haulers Reinforced . | . . . . Active Scanning Responses . | . . . . Cargo Convoy Interrupts . | . . . . Stealth | -11 -10 -9 -8 --------- Run | Scr Mat Mat Mat Distress Signals 6 | . . 6 . Communications Jammed . | . . . . Distress Signals . | . . . . Times Spotted 59 | . 10 37 12 Peak Tracking Total 6 | . 4 6 6 Tactical Retreats 2 | . . 1 1 Traps | -11 -10 -9 -8 ------- Run | Scr Mat Mat Mat Traps Triggered 1 | . 1 . . Indirectly . | . . . . Trap Hack Attempts . | . . . . Triggered . | . . . . Disarmed . | . . . . Reprogrammed . | . . . . Reused . | . . . . Traps Extracted . | . . . . Installed . | . . . . Triggered . | . . . . Machines | -11 -10 -9 -8 ---------- Run | Scr Mat Mat Mat Machines Disabled 3 | . . 1 2 Max in Single Turn 2 | . . 1 2 Machines Sabotaged . | . . . . Garrisons Compromised . | . . . . Overloaded Fab Kills . | . . . . Hacking | -11 -10 -9 -8 --------- Run | Scr Mat Mat Mat Machines Accessed 7 | . 4 2 1 Terminals 7 | . 4 2 1 Fabricators . | . . . . Repair Stations . | . . . . Recycling Units . | . . . . Scanalyzers . | . . . . Garrison Access . | . . . . Total Hacks 28 | . 15 11 2 Successful 16 | . 7 7 2 Failed 12 | . 8 4 . Catastrophic . | . . . . Database Lockouts . | . . . . Manual 16 | . 11 5 . Terminals 28 | . 15 11 2 Fabricators . | . . . . Repair Stations . | . . . . Recycling Units . | . . . . Scanalyzers . | . . . . Garrison Access . | . . . . Terminal Hacks 13 | . 5 6 2 Record 1 | . . . 1 Robot Analysis 3 | . 3 . . Prototype ID Bank 2 | . 1 1 . Level Access Points 1 | . . 1 . Terminal Index 2 | . 1 1 . Alert Level 2 | . . 1 1 Hauler Manifests 1 | . . 1 . Registered Components 1 | . . 1 . Fabricator Hacks . | . . . . Repair Station Hacks . | . . . . Recycling Unit Hacks . | . . . . Scanalyzer . | . . . . Garrison Access Hacks . | . . . . Unauthorized Hacks 3 | . 2 1 . Terminals 3 | . 2 1 . Botnet 3 | . 2 1 . Fabricators . | . . . . Repair Stations . | . . . . Recycling Units . | . . . . Scanalyzers . | . . . . Garrison Access . | . . . . Data Cores Recovered . | . . . . Used . | . . . . Hacking Detections 6 | . 4 1 1 Full Trace Events . | . . . . Feedback Events . | . . . . Feedback Blocked . | . . . . Robot Schematics Acquired . | . . . . Robots Built . | . . . . Authchips . | . . . . Time . | . . . . Total Robot Build Rating . | . . . . Part Schematics Acquired . | . . . . Parts Built . | . . . . Authchips . | . . . . Time . | . . . . Total Part Build Rating . | . . . . Parts Repaired . | . . . . Time . | . . . . Parts Recycled . | . . . . Recycled Matter . | . . . . Retrieved Matter . | . . . . Retrieved Components . | . . . . Parts Scanalyzed . | . . . . Part Schematics Acquired . | . . . . Parts Damaged . | . . . . Bothacking | -11 -10 -9 -8 ------------ Run | Scr Mat Mat Mat Used RIF Installer . | . . . . Robots Hacked . | . . . . Non-combat . | . . . . Combat . | . . . . Robot Hacks Applied . | . . . . Relay Couplers Released . | . . . . Fabnet Peak Effective % . | . . . . Robots Rewired . | . . . . Allies Hacked . | . . . . Hacks Repelled . | . . . . Allies | -11 -10 -9 -8 -------- Run | Scr Mat Mat Mat Total Allies . | . . . . Largest Group . | . . . . Highest-Rated Group . | . . . . Highest-Rated Ally . | . . . . Total Orders . | . . . . Ally Attacks . | . . . . Total Damage . | . . . . Kills . | . . . . Allies Corrupted . | . . . . Allies Melted . | . . . . Intel | -11 -10 -9 -8 ------- Run | Scr Mat Mat Mat Robot Analysis Total 3 | . 3 . . Derelict Logs Recovered . | . . . . Drone Launches . | . . . . Drone Recoveries . | . . . . Exploration | -11 -10 -9 -8 ------------- Run | Scr Mat Mat Mat Turns Passed 1775 | 48 502 1099 126 Spaces Moved 1381 | 40 414 847 80 Core 3 | 3 . . . Treads 2 | . . . 2 Legs . | . . . . Wheels 1376 | 37 414 847 78 Hover . | . . . . Flight . | . . . . Fastest Speed 50 | 50 90 86 93 Average Speed 95 | 96 97 94 98 Slowest Speed 250 | 100 100 105 250 Overloaded Moves . | . . . . Propulsion Burnouts . | . . . . Robots Hopped . | . . . . Cave-ins Triggered 1 | . . 1 . Exploration Rate (%) 26 | 3 45 42 17 Regions Visited 3 Branch Regions . Pre-discovered Areas . | . . . . Known Exits Taken 1 | . . 1 . Unknown Exits Taken 2 | 1 1 . . Scrap Searched . | . . . . Spaces Dug 7 | . . 7 . Terrain Destroyed 119 | . 34 22 63 Melee 7 | . . 7 . Projectile . | . . . . AOE 112 | . 34 15 63 Terrain Rammed . | . . . . Walls Destroyed . | . . . . Machines Disabled . | . . . . Actions | -11 -10 -9 -8 --------- Run | Scr Mat Mat Mat Total 1656 | 47 486 1017 106 Wait 73 | . 40 31 2 Move 1378 | 39 413 846 80 Hop . | . . . . Pick Up 27 | 3 9 13 2 Fast Attach 13 | 5 1 6 1 Attach 9 | . 2 3 4 Detach . | . . . . Swap 22 | . 5 14 3 Drop 22 | . 1 21 . Fire 45 | . 15 24 6 Melee 67 | . . 59 8 Ram . | . . . . Kick . | . . . . Crush . | . . . . Escape Stasis . | . . . . Rewire . | . . . . Trap . | . . . . Miscellaneous . | . . . . Route ------- -11/Scrapyard -10/Materials -9/Materials (discovered 3 exits: *Mat x3) -8/Materials History --------- Turn | Location | Event 13 | -11/Scrapyard | Discovered new exit (range 16) 49 | -11/Scrapyard | Entered Materials 305 | -10/Materials | Build established: Mutant 478 | -10/Materials | Discovered new exit (range 10) 551 | -10/Materials | Entered another Materials area 551 | -9/Materials | Evolved 2 slots: Propulsion x1, Utility x1 1001 | -9/Materials | Crushed by falling debris 1013 | -9/Materials | Identified exit to Materials 1620 | -9/Materials | Build established: Scavenger-Mutant 1650 | -9/Materials | Entered another Materials area 1650 | -8/Materials | Evolved 2 slots: Utility x2 1776 | -8/Materials | Self-destructed Last Messages --------------- for processing in the lower levels of [Complex 0b10]. Initially the mining tunnels only rarely experienced hostile [Derelict] activity, not enough to justify allocating significant resources to defense. This has recently changed with the [Infestation], for which the current response is to dispatch garrisoned Demolishers until a more permanent solution can be put in place. 01717_ The unstable cave ceiling collapses. 01719_ K-01 Serf collects debris. 01733_ Wheel destroyed. 01736_ K-01 Serf collects debris. 01739_ Hacking Suite destroyed. 01739_ K-01 Serf collects debris. 01741_ Critical hit (Burn: +37). 01743_ K-01 Serf collects debris. 01748_ S-10 Pest destroyed. 01755_ Com. Wheel destroyed. 01757_ G-47 Trooper destroyed. 01767_ Acquired Arm. Treads. 01772_ Hrd. Medium Armor Plating destroyed. 01775_ Critical hit (Burn: +37). Map ----- +----------------------------------------------------+ | ?????????????????????????????????????????????????? | | ?????????????????????????????????????????????????? | | ?????????????????????????????????????????????????? | | ?????????????????????????????????????????????????? | | ?????????????????????????????????????????????????? | | ?????????????????????????????????????????????????? | | ?????????????????????????????????????????????????? | | ?????????????????????????????????????????????????? | | ?????????????????????????????????????????????????? | | ?????????????????????????????????????????????????? | | ?????????????????????????????????????????????????? | | ?????????????????????????????????????????????????? | | ?????????????????????????????????????????????????? | | ?????????????????????????????????????????????????? | | ?????????????????????????????????????????????????? | | ?????????????????????????????????????????????????? | | ?????????????????????????????????????????????????? | | ?????????????????????????????????????????????????? | | ?????????????????????????????????????????????????? | | ????????????????????########?????????????????????? | | ????????????????????# = !! #?????????????????????? | | ????????????????????# !! #?????????????????????? | | ????????????????????#* ! #?????????????????????? | | ????????????????????# #?????????????????????? | | ????????????????????# g #?????????????????????? | | ????????????? !! ?# Y=*@ #?????????????????????? | | ???????????# ! !| # ##g################# ???? | | ???????????# ! %% ??? | | ???????????# ??? | | ????????????"" """ ; ??? | | ???????????????""" ; ""###########????????? | | ???????????????""" ; ! #????????????????? | | ?????????????? ; !###########??????? | | ??????????????####;; " * #??????? | | ?????????????????# " [[! +??????? | | ?????????????????# " [[! #??????? | | ??????????????##### " [[= #??????? | | ?##########??## %! "##########???#??? | | ?# #### # # # # # """""##"T"##### #?? | | ?# ! # [ ^ #?? | | ?# # ! + | | ?# # #?? | | ?# """ + ##### #?? | | ?# """ # # # #?# #?? | | ?# """ # # # """ T #?# """" """" #?? | | ?# """ # # # """ #?# """" """"? #?? | | ?# # # # """ #?# """" """"?????? | | ?########## # """ # #?# ??????? | | ??????????# # """ # """ #?# ? ??????? | | ??????????# + """ # """ #?######"??###??????? | +----------------------------------------------------+ Best States ------------- Heat Dissipation 31 Energy Generation 10 Energy Capacity 250 Matter Stores 399 Matter Capacity 500 Sight Range 16 Terrain Scan Density 10 Armor Coverage 450 Evasion (%) 42 Recoil Reduction 1 Offensive Hacking 20 Item Schematics ----------------- None Robot Schematics ------------------ None Fabricated ------------ Nothing Alien Tech Used ----------------- None Achievements -------------- None Challenges ------------ None Game ------ Seed PhasingFluxNanosword Manual? 0 Play Time 00:18:23 Cumulative 259.1 hours Start 2022.08.29 @ 17:27:41 End 2022.08.29 @ 17:46:31 Sessions 1 Manual Loads 0 Difficulty Rogue Special Mode None Game No. 587 Rogue 587 Adventurer 0 Explorer 0 Win Type - Total 5 Types 4/0/0/1/0/0/0/0/0 Lore% 61 Gallery% 63 Achievement% 57 Wizard Run 0 Options --------- ASCII 0 Keyboard 0 Movement Numpad Keybinds 0 Fullscreen 1 Font 16/SmallcapsGlow Map View 75x55 Tactical HUD 1 Map Filters NONE Filters NONE Steam 1 RUN: 0c91461f-ae55-40c4-a53b-8b47a09ff8df